| TOP OF THE 1ST |
|
Connecticut Tigers batting - Pitching for Staten Island Yankees : RHP Nate LaCava
|
|
Pitching: RHP Nate LaCava
|
|
|
Batting: RHB Brandon O'Malley
|
0-0: SINGLE (Groundball, 56, EV 87.5 MPH) (infield hit)
|
|
Batting: RHB Keith Hoffman
|
0-0: Ball 1-0: Ball 2-0: SINGLE (Groundball, 25, EV 67.5 MPH) (infield hit) Brandon O'Malley to second
|
|
Batting: RHB Eric Angelle
|
0-0: Ball 1-0: Ball 2-0: Ball 3-0: Base on Balls Brandon O'Malley to third Keith Hoffman to second
|
|
Batting: RHB Jon Goldstein
|
0-0: Ball 1-0: Swinging Strike 1-1: Called Strike 1-2: Strikes out swinging
|
|
Batting: RHB Tommy McDonald
|
0-0: SINGLE (Groundball, 56S, EV 70.0 MPH) (infield hit) Brandon O'Malley scores Keith Hoffman to third Eric Angelle to second
|
|
Batting: SHB Sean Foley
|
0-0: Called Strike 0-1: Ball 1-1: Fielders Choice at 2nd, 4-6 (Groundball, 4M, EV 109.4 MPH) Keith Hoffman scores Eric Angelle to third
|
|
Batting: RHB Tanner Purchase
|
0-0: Called Strike 0-1: Foul Ball, location: 2F 0-2: Ball 1-2: Ball 2-2: Ground out 4-3 (Groundball, 4MS, EV 81.3 MPH)
|
| Top of the 1st over - 2 runs, 3 hits, 0 errors, 2 left on base; Connecticut 2 - Staten Island 0 |
| BOTTOM OF THE 1ST |
|
Staten Island Yankees batting - Pitching for Connecticut Tigers : RHP Alan Grossfeld
|
|
Pitching: RHP Alan Grossfeld
|
|
|
Batting: RHB Luwen Storm
|
0-0: Ball 1-0: Ball 2-0: Ground out U3 (Groundball, 34S, EV 70.0 MPH)
|
|
Batting: RHB Steve Martin
|
0-0: Ball 1-0: Ball 2-0: Ball 3-0: Called Strike 3-1: Called Strike 3-2: Foul Ball, location: 2F 3-2: Foul Ball, location: 2F 3-2: Base on Balls
|
|
Batting: LHB Roald Jacobs
|
0-0: Called Strike Steve Martin is caught stealing 2nd base 2-6 0-1: Ball 1-1: Ground out 5-3 (Groundball, 56, EV 85.6 MPH)
|
| Bottom of the 1st over - 0 runs, 0 hits, 0 errors, 0 left on base; Connecticut 2 - Staten Island 0 |
| TOP OF THE 2ND |
|
Connecticut Tigers batting - Pitching for Staten Island Yankees : RHP Nate LaCava
|
|
Batting: RHB Mike Sebastian
|
0-0: Called Strike 0-1: Ball 1-1: Ball 2-1: Ball 3-1: Base on Balls
|
|
Batting: RHB Billy Verdusco
|
0-0: Ball 1-0: Fly out, F9 (Flyball, 9LD, EV 103.8 MPH)
|
|
Batting: RHB Brandon O'Malley
|
0-0: Called Strike 0-1: Ball Mike Sebastian steals 2nd, throwing error, E2 Mike Sebastian to third 1-1: Called Strike 1-2: Strikes out swinging
|
|
Batting: RHB Keith Hoffman
|
0-0: Ball 1-0: Fly out, F8 (Flyball, 8RD, EV 100.0 MPH)
|
| Top of the 2nd over - 0 runs, 0 hits, 1 error, 1 left on base; Connecticut 2 - Staten Island 0 |
| BOTTOM OF THE 2ND |
|
Staten Island Yankees batting - Pitching for Connecticut Tigers : RHP Alan Grossfeld
|
|
Batting: RHB Andres Valles
|
0-0: Called Strike 0-1: Called Strike 0-2: Ball 1-2: Ball 2-2: Ball 3-2: Fly out, F4 (Popup, 34S, EV 63.1 MPH)
|
|
Batting: LHB Tatsuo Yasui
|
0-0: Ball 1-0: Ball 2-0: Ball 3-0: Called Strike 3-1: Base on Balls
|
|
Batting: RHB Chris Diaz
|
0-0: Ball 1-0: Ball 2-0: Called Strike 2-1: Foul Ball, location: 2F 2-2: Strikes out swinging Tatsuo Yasui steals 2nd base (no throw) Batter strikes out.
|
|
Batting: LHB Mario Hurtado
|
0-0: Swinging Strike 0-1: Ground out 5-3 (Groundball, 56S, EV 87.5 MPH)
|
| Bottom of the 2nd over - 0 runs, 0 hits, 0 errors, 1 left on base; Connecticut 2 - Staten Island 0 |
| TOP OF THE 3RD |
|
Connecticut Tigers batting - Pitching for Staten Island Yankees : RHP Nate LaCava
|
|
Batting: RHB Eric Angelle
|
0-0: Ground out 3-1 (Groundball, 34S, EV 68.8 MPH)
|
|
Batting: RHB Jon Goldstein
|
0-0: Ball 1-0: Called Strike 1-1: Foul Ball, location: 2F 1-2: Foul Ball, location: 2F 1-2: Foul Ball, location: 2F 1-2: Foul Ball, location: 2F 1-2: Ball 2-2: Strikes out swinging
|
|
Batting: RHB Tommy McDonald
|
0-0: Ball 1-0: Swinging Strike 1-1: Swinging Strike 1-2: Foul Ball, location: 2F 1-2: Ground out 5-3 (Groundball, 15, EV 88.1 MPH)
|
| Top of the 3rd over - 0 runs, 0 hits, 0 errors, 0 left on base; Connecticut 2 - Staten Island 0 |
| BOTTOM OF THE 3RD |
|
Staten Island Yankees batting - Pitching for Connecticut Tigers : RHP Alan Grossfeld
|
|
Batting: RHB Chris Yancey
|
0-0: SINGLE (Line Drive, 89M, EV 88.8 MPH)
|
|
Batting: SHB Victor Martinez
|
0-0: Ball 1-0: Called Strike 1-1: Reached on error, E3 (Groundball, 3L, EV 101.9 MPH) Chris Yancey to second
|
|
Batting: RHB Luwen Storm
|
0-0: Ball 1-0: Foul Ball, location: 2F 1-1: SINGLE (Line Drive, 8RS, EV 95.6 MPH) Chris Yancey to third Victor Martinez to second Runner from 3rd tries for Home, SAFE, throw by CF to home
|
|
Batting: RHB Steve Martin
|
0-0: Foul Ball, location: 2F 0-1: Ball 1-1: SINGLE (Line Drive, 34D, EV 98.1 MPH) Victor Martinez to third Luwen Storm to second
|
|
Batting: LHB Roald Jacobs
|
0-0: Fielders Choice at 2nd, 4-6 (Groundball, 4, EV 84.4 MPH) Victor Martinez scores Luwen Storm to third
|
|
Batting: RHB Andres Valles
|
0-0: Ball Roald Jacobs steals 2nd base (no throw) 1-0: Ball 2-0: Foul Ball, location: 2F 2-1: Ball Wild Pitch! Luwen Storm scores Roald Jacobs to third 3-1: Base on Balls
|
|
Batting: LHB Tatsuo Yasui
|
0-0: Ball 1-0: Ball 2-0: Foul Ball, location: 2F 2-1: Ball 3-1: Base on Balls Andres Valles to second
|
|
Batting: RHB Chris Diaz
|
0-0: Ball 1-0: Fly out, F7 (Flyball, 78S, EV 95.0 MPH)
|
|
Batting: LHB Mario Hurtado
|
0-0: Foul Ball, location: 2F 0-1: Ball 1-1: Ball 2-1: Ball 3-1: Fly out, F7 (Flyball, 7LM, EV 90.6 MPH)
|
| Bottom of the 3rd over - 3 runs, 3 hits, 1 error, 3 left on base; Connecticut 2 - Staten Island 3 |
| TOP OF THE 4TH |
|
Connecticut Tigers batting - Pitching for Staten Island Yankees : RHP Nate LaCava
|
|
Batting: SHB Sean Foley
|
0-0: Ball 1-0: Called Strike 1-1: Ball 2-1: SINGLE (Line Drive, 8RM, EV 88.1 MPH)
|
|
Batting: RHB Tanner Purchase
|
0-0: Ball 1-0: Ball 2-0: Called Strike 2-1: Swinging Strike 2-2: Ball 3-2: Ground out 6-3 (Groundball, 6M, EV 95.0 MPH) Sean Foley to second
|
|
Batting: RHB Mike Sebastian
|
0-0: Called Strike 0-1: Ball 1-1: Ball 2-1: Ball 3-1: Base on Balls
|
|
Batting: RHB Billy Verdusco
|
0-0: Called Strike 0-1: Ball 1-1: Fielders Choice at 2nd, 3-6 (Groundball, 34, EV 81.9 MPH) Sean Foley to third
|
|
Batting: RHB Brandon O'Malley
|
0-0: Called Strike 0-1: Called Strike 0-2: Ball 1-2: Foul Ball, location: 2F 1-2: Ball 2-2: Ball 3-2: Reached on error, E5 (Groundball, 56S, EV 80.0 MPH) Sean Foley scores Billy Verdusco to third
|
|
Batting: RHB Keith Hoffman
|
0-0: Ground out 4-3 (Groundball, 4, EV 90.6 MPH)
|
| Top of the 4th over - 1 run, 1 hit, 1 error, 2 left on base; Connecticut 3 - Staten Island 3 |
| BOTTOM OF THE 4TH |
|
Staten Island Yankees batting - Pitching for Connecticut Tigers : RHP Alan Grossfeld
|
|
Batting: RHB Chris Yancey
|
0-0: Foul Ball, location: 2F 0-1: Ball 1-1: Ball 2-1: Ball 3-1: Base on Balls
|
|
Batting: SHB Victor Martinez
|
0-0: SINGLE (Groundball, 34D, EV 100.6 MPH) Chris Yancey to second Runner from 2nd tries for 3rd, SAFE, throw by RF made to third
|
|
Batting: RHB Luwen Storm
|
0-0: SINGLE (Groundball, 56, EV 84.4 MPH) (infield hit) Chris Yancey scores Victor Martinez to second
|
|
Batting: RHB Steve Martin
|
0-0: Called Strike 0-1: Foul Ball, location: 2F 0-2: Fly out, F9 (Flyball, 9D, EV 107.5 MPH) Runner from 2nd tags up, SAFE at 3rd, no throw by RF
|
|
Batting: LHB Roald Jacobs
|
0-0: Ball Luwen Storm is caught stealing 2nd base 2-6 1-0: Ground out U3 (Groundball, 3, EV 96.9 MPH)
|
| Bottom of the 4th over - 1 run, 2 hits, 0 errors, 1 left on base; Connecticut 3 - Staten Island 4 |
| TOP OF THE 5TH |
|
Connecticut Tigers batting - Pitching for Staten Island Yankees : RHP Nate LaCava
|
|
Batting: RHB Eric Angelle
|
0-0: Ball 1-0: Foul Ball, location: 2F 1-1: Called Strike 1-2: Ball 2-2: Foul Ball, location: 2F 2-2: SOLO HOME RUN (Flyball, 7D, EV 98.1 MPH), Distance : 390 ft
|
|
Batting: RHB Jon Goldstein
|
0-0: Ground out 5-3 (Groundball, 5, EV 110.6 MPH)
|
|
Batting: RHB Tommy McDonald
|
0-0: SINGLE (Groundball, 6MD, EV 107.5 MPH)
|
|
Batting: SHB Sean Foley
|
0-0: Ball 1-0: Foul Ball, location: 2F 1-1: Swinging Strike 1-2: Fielders Choice at 2nd, 6-4 (Groundball, 6, EV 87.5 MPH)
|
|
Batting: RHB Tanner Purchase
|
0-0: Ball 1-0: Ball 2-0: 2-RUN HOME RUN (Flyball, 78XD, EV 115.0 MPH), Distance : 445 ft
|
|
Pitching: RHP Nick Schweer
|
|
|
Batting: RHB Mike Sebastian
|
0-0: Foul Ball, location: 2F 0-1: Swinging Strike 0-2: Strikes out swinging
|
| Top of the 5th over - 3 runs, 3 hits, 0 errors, 0 left on base; Connecticut 6 - Staten Island 4 |
| BOTTOM OF THE 5TH |
|
Staten Island Yankees batting - Pitching for Connecticut Tigers : RHP Alan Grossfeld
|
|
Batting: RHB Andres Valles
|
0-0: Foul Ball, location: 2F 0-1: Ball 1-1: Fly out, F8 (Flyball, 8LD, EV 92.5 MPH)
|
|
Pitching: RHP Fernando Mendez
|
|
|
Batting: LHB Tatsuo Yasui
|
0-0: Called Strike 0-1: Foul Ball, location: 2F 0-2: Strikes out swinging
|
|
Batting: RHB Chris Diaz
|
0-0: Ball 1-0: Ball 2-0: Foul Ball, location: 2F 2-1: Ball 3-1: Base on Balls
|
|
Batting: LHB Mario Hurtado
|
0-0: Called Strike Chris Diaz steals 2nd, throwing error, E2 Chris Diaz to third 0-1: Foul Ball, location: 2F 0-2: Hit by Pitch
|
|
Batting: RHB Chris Yancey
|
0-0: Ball 1-0: Ball 2-0: Ground out 5-3 (Groundball, 56S, EV 88.1 MPH)
|
| Bottom of the 5th over - 0 runs, 0 hits, 1 error, 2 left on base; Connecticut 6 - Staten Island 4 |
| TOP OF THE 6TH |
|
Connecticut Tigers batting - Pitching for Staten Island Yankees : RHP Nick Schweer
|
|
Pitching: LHP Angel Diaz
|
|
|
Batting: RHB Billy Verdusco
|
0-0: Ball 1-0: Foul Ball, location: 2F 1-1: Foul Ball, location: 2F 1-2: Foul Ball, location: 2F 1-2: Ground out 5-3 (Groundball, 5S, EV 94.4 MPH)
|
|
Batting: RHB Brandon O'Malley
|
0-0: Foul Ball, location: 2F 0-1: Foul Ball, location: 2F 0-2: Ball 1-2: Ball 2-2: Fly out, F8 (Line Drive, 8RD, EV 98.1 MPH)
|
|
Batting: RHB Keith Hoffman
|
0-0: Called Strike 0-1: SINGLE (Groundball, 6MD, EV 98.8 MPH)
|
|
Batting: RHB Eric Angelle
|
0-0: Called Strike 0-1: SINGLE (Groundball, 56, EV 101.9 MPH) (infield hit) Keith Hoffman to second
|
|
Batting: RHB Jon Goldstein
|
0-0: Ball 1-0: Called Strike 1-1: Called Strike 1-2: Foul Ball, location: 2F 1-2: Ball 2-2: Strikes out looking
|
| Top of the 6th over - 0 runs, 2 hits, 0 errors, 2 left on base; Connecticut 6 - Staten Island 4 |
| BOTTOM OF THE 6TH |
|
Staten Island Yankees batting - Pitching for Connecticut Tigers : RHP Fernando Mendez
|
|
Batting: SHB Victor Martinez
|
0-0: Ball 1-0: SINGLE (Line Drive, 7LM, EV 107.5 MPH)
|
|
Batting: RHB Luwen Storm
|
0-0: Called Strike 0-1: Ball 1-1: Ball Victor Martinez steals 2nd base 2-1: Ball 3-1: Base on Balls
|
|
Batting: RHB Steve Martin
|
0-0: Grounds into double play, 4-6-3 (Groundball, 4, EV 80.6 MPH) Victor Martinez to third
|
|
Batting: LHB Roald Jacobs
|
0-0: Swinging Strike 0-1: Ball 1-1: Called Strike 1-2: Ball 2-2: DOUBLE (Flyball, 78XD, EV 99.4 MPH) Victor Martinez scores
|
|
Batting: RHB Andres Valles
|
0-0: Ball 1-0: SINGLE (Groundball, 6MD, EV 109.4 MPH) Roald Jacobs to third Runner from 3rd tries for Home, SAFE, throw by CF to home
|
|
Batting: LHB Tatsuo Yasui
|
0-0: Ball 1-0: Ball 2-0: Ball 3-0: Base on Balls Andres Valles to second
|
|
Batting: RHB Chris Diaz
|
0-0: Ball 1-0: Swinging Strike 1-1: Reached on error, E3 (Groundball, 34, EV 84.4 MPH) Andres Valles scores Tatsuo Yasui to third
|
|
Pitching: LHP Chris Thomas
|
|
|
Batting: LHB Mario Hurtado
|
0-0: Ball 1-0: Ground out 4-3 (Groundball, 4, EV 101.9 MPH)
|
| Bottom of the 6th over - 3 runs, 3 hits, 1 error, 2 left on base; Connecticut 6 - Staten Island 7 |
| TOP OF THE 7TH |
|
Connecticut Tigers batting - Pitching for Staten Island Yankees : LHP Angel Diaz
|
|
Batting: RHB Tommy McDonald
|
0-0: Ball 1-0: Swinging Strike 1-1: SINGLE (Groundball, 6MD, EV 98.8 MPH)
|
|
Batting: SHB Sean Foley
|
0-0: Called Strike 0-1: Ball Wild Pitch! Tommy McDonald to second 1-1: Foul Ball, location: 2F 1-2: Fly out, F9 (Flyball, 9S, EV 82.5 MPH)
|
|
Batting: RHB Tanner Purchase
|
0-0: Ball 1-0: Called Strike 1-1: Foul Ball, location: 2F 1-2: Ground out 4-3 (Groundball, 4, EV 87.5 MPH) Tommy McDonald to third
|
|
Batting: RHB Mike Sebastian
|
0-0: Foul Ball, location: 2F 0-1: Ball 1-1: Called Strike 1-2: Foul Ball, location: 2F 1-2: Foul Ball, location: 2F 1-2: Ball 2-2: Foul Ball, location: 2F 2-2: Strikes out swinging
|
| Top of the 7th over - 0 runs, 1 hit, 0 errors, 1 left on base; Connecticut 6 - Staten Island 7 |
| BOTTOM OF THE 7TH |
|
Staten Island Yankees batting - Pitching for Connecticut Tigers : LHP Chris Thomas
|
|
Batting: RHB Chris Yancey
|
0-0: Called Strike 0-1: Foul Ball, location: 2F 0-2: Strikes out swinging
|
|
Batting: SHB Victor Martinez
|
0-0: Ball 1-0: Called Strike 1-1: Called Strike 1-2: Ball 2-2: Strikes out looking
|
|
Batting: RHB Luwen Storm
|
0-0: Ball 1-0: Foul Ball, location: 2F 1-1: Ball 2-1: Called Strike 2-2: Strikes out swinging
|
| Bottom of the 7th over - 0 runs, 0 hits, 0 errors, 0 left on base; Connecticut 6 - Staten Island 7 |
| TOP OF THE 8TH |
|
Connecticut Tigers batting - Pitching for Staten Island Yankees : LHP Angel Diaz
|
|
Pitching: LHP Ricky Espinoza
|
|
|
Now at 3B: Lorenzo Vasquez
|
|
|
Now in LF: Roald Jacobs
|
|
|
Now in RF: Chris Diaz
|
|
|
Batting: RHB Billy Verdusco
|
0-0: SINGLE (Groundball, 4MD, EV 100.6 MPH)
|
|
Batting: RHB Brandon O'Malley
|
0-0: Bunted foul 0-1: Bunt missed! 0-2: Ball 1-2: Ball 2-2: Ball 3-2: Base on Balls Billy Verdusco to second
|
|
Batting: RHB Keith Hoffman
|
0-0: Bunt missed! 0-1: Ball 1-1: Bunted foul 1-2: Fly out, F8 (Flyball, 8RD, EV 100.6 MPH)
|
|
Batting: RHB Eric Angelle
|
0-0: Swinging Strike 0-1: Foul Ball, location: 2F 0-2: Ball 1-2: Ball 2-2: Strikes out swinging
|
|
Batting: RHB Jon Goldstein
|
0-0: Called Strike 0-1: Called Strike 0-2: Foul Ball, location: 2F 0-2: Foul Ball, location: 2F 0-2: Foul Ball, location: 2F 0-2: Ball 1-2: Strikes out swinging
|
| Top of the 8th over - 0 runs, 1 hit, 0 errors, 2 left on base; Connecticut 6 - Staten Island 7 |
| BOTTOM OF THE 8TH |
|
Staten Island Yankees batting - Pitching for Connecticut Tigers : LHP Chris Thomas
|
|
Pitching: RHP Vic Flores
|
|
|
Batting: RHB Steve Martin
|
0-0: Ground out 5-3 (Groundball, 56, EV 81.9 MPH)
|
|
Pitching: LHP Chris Woodruff
|
|
|
Batting: LHB Roald Jacobs
|
0-0: Ball 1-0: Foul Ball, location: 2F 1-1: Foul Ball, location: 2F 1-2: Strikes out swinging
|
|
Batting: RHB Lorenzo Vasquez
|
0-0: Ball 1-0: Ball 2-0: Ball 3-0: Called Strike 3-1: Foul Ball, location: 2F 3-2: Reached on error, E4 (Groundball, 4S, EV 88.1 MPH)
|
|
Batting: LHB Tatsuo Yasui
|
0-0: Ball 1-0: Ball 2-0: Called Strike 2-1: Ball 3-1: Foul Ball, location: 2F 3-2: Strikes out swinging
|
| Bottom of the 8th over - 0 runs, 0 hits, 1 error, 1 left on base; Connecticut 6 - Staten Island 7 |
| TOP OF THE 9TH |
|
Connecticut Tigers batting - Pitching for Staten Island Yankees : LHP Ricky Espinoza
|
|
Pitching: RHP Jay Brumfield
|
|
|
Batting: RHB Tommy McDonald
|
0-0: Foul Ball, location: 2F 0-1: Ball 1-1: Called Strike 1-2: Strikes out swinging
|
|
Batting: SHB Sean Foley
|
0-0: SINGLE (Flyball, 4D, EV 88.8 MPH)
|
|
Batting: RHB Tanner Purchase
|
0-0: Called Strike 0-1: Foul Ball, location: 2F 0-2: Strikes out swinging
|
|
Batting: RHB Mike Sebastian
|
0-0: Called Strike 0-1: Foul Ball, location: 2F 0-2: Strikes out swinging
|
| Top of the 9th over - 0 runs, 1 hit, 0 errors, 1 left on base; Connecticut 6 - Staten Island 7 |
|